 Dungeon Crawl Stone Soup version 0.25.0-9-g26727b657a (webtiles) character file.

Game seed: 2585653231594958652

(classic levelgen) 59157 EnegeticOcto the Exorcist (level 14, 25/92 HPs)
             Began as a Gargoyle Fighter on June 21, 2020.
             Was an Elder of the Shining One.
             Quit the game on level 15 of the Dungeon.
             The game lasted 00:23:52 (20321 turns).

EnegeticOcto the Exorcist (Gargoyle Fighter)       Turns: 20321, Time: 00:23:53

Health: 25/92      AC: 34    Str: 24    XL:     14   Next: 93%
Magic:  24/24      EV:  5    Int: 14    God:    the Shining One [****..]
Gold:   725        SH: 19    Dex:  9    Spells: 12/13 levels left

rFire    . . .     SeeInvis .   q - +3 whip (flame)
rCold    + . .     Gourm    .   k - +0 tower shield
rNeg     + + +     Faith    .   D - +1 plate armour of Bexurph {rPois MR+ Int+4}
rPois    ∞         Spirit   .   p - +0 helmet
rElec    +         Reflect  .   G - -1 cloak (curse)
rCorr    .         Harm     .   t - +2 pair of gloves
MR       ++...                  h - +0 pair of boots
Stlth    ..........             (no amulet)
HPRegen  0.25/turn              E - ring of protection from cold
MPRegen  0.19/turn              (no ring)

@: flying, glowing
A: big wings, negative energy resistance 1, electricity resistance, unbreathing,
petrification resistance, rot immunity, AC +10
a: Stop Flying, Divine Shield, Cleansing Flame, Renounce Religion


You were on level 15 of the Dungeon.
You worshipped the Shining One.
The Shining One was greatly pleased with you.
You were not hungry.

You visited 3 branches of the dungeon, and saw 17 of its levels.

You collected 845 gold pieces.
You spent 120 gold pieces at shops.

Inventory:

Hand Weapons
 a - a +0 flail
 q - a +3 whip of flaming (weapon)
 H - a +0 morningstar
Armour
 h - a +0 pair of boots (worn)
 k - a +0 tower shield (worn)
 p - a +0 helmet (worn)
 t - a +2 pair of gloves (worn)
 D - the +1 plate armour of Bexurph (worn) {rPois MR+ Int+4}
   (You found it on level 10 of the Dungeon)

   It affects your intelligence (+4).
   It protects you from poison.
   It affects your resistance to hostile enchantments.
 G - a cursed -1 cloak (worn)
Jewellery
 B - an uncursed ring of ice
 E - a ring of protection from cold (left hand)
Wands
 i - a wand of flame (12) {@v4}
 r - a wand of acid (18) {@v1}
 v - a wand of digging (12) {@v3}
 C - a wand of iceblast (3) {@v2}
Scrolls
 c - a scroll of identify {@r1}
 f - a scroll of blinking {@r4}
 g - a scroll of fear {!r}
 l - 6 scrolls of teleportation {@r3 !r}
 n - 2 scrolls of magic mapping {@r5 !r}
 o - 2 scrolls of enchant weapon
 u - 7 scrolls of remove curse {@r2}
 x - 4 scrolls of fog {!r}
 y - 2 scrolls of immolation
 F - a scroll of holy word
Potions
 b - a potion of magic
 d - 2 potions of might {@q3 !q}
 j - 2 potions of haste {@q4 !q}
 m - 2 potions of curing {@q1 !q}
 s - 4 potions of heal wounds {@q2 !q}
 w - 2 potions of mutation
 z - 2 potions of lignification {@q6}
Miscellaneous
 A - a box of beasts
Comestibles
 e - 25 rations


   Skills:
 + Level 12.2 Fighting
 - Level 12.0 Maces & Flails
 + Level 12.2 Armour
 + Level 12.3 Shields
 * Level 14.2 Invocations


You had 12 spell levels left.
You knew the following spells:

 Your Spells              Type           Power        Failure   Level  Hunger
a - Apportation           Tloc           #.....       100%        1    ##.....

Your spell library contained the following spells:

 Spells                   Type           Power        Failure   Level  Hunger
 Animate Skeleton         Necr           N/A          100%        1    ##.....
 Corona                   Hex            #......      100%        1    ##.....
 Foxfire                  Conj/Fire      #...         100%        1    ##.....
 Summon Small Mammal      Summ           #...         100%        1    ##.....
 Confusing Touch          Hex            #.......     100%        3    ####...
 Conjure Flame            Conj/Fire      #.......     100%        3    ####...
 Gell's Gravitas          Tloc           #.........   100%        3    ####...
 Inner Flame              Hex/Fire       #.......     100%        3    ####...
 Petrify                  Tmut/Erth      #.......     100%        4    #####..
 Sticky Flame             Conj/Fire      #.......     100%        4    #####..
 Fireball                 Conj/Fire      #.........   100%        5    ######.
 Metabolic Englaciation   Hex/Ice        #.........   100%        5    ######.
 Yara's Violent Unravell  Hex/Tmut       #.........   100%        5    ######.


Dungeon Overview and Level Annotations

Branches:
Dungeon (15/15)            Temple (1/1) D:6            Lair (0/6) D:10
    Orc (0/2) D:10         Vaults (0/5) D:13         Depths (1/5) D:15

Altars:
Cheibriados
Dithmenos
Elyvilon
Fedhas
Hepliaklqana
Kikubaaqudgha
Makhleb
Nemelex Xobeh
Okawaru
Qazlal
Ru
Sif Muna
Trog
Uskayaw
Vehumet
Wu Jian
Yredelemnul
The Shining One
Beogh
Jiyva

Shops:
D:6 !   D:9 =   D:10 [   D:15 [

Annotations:
D:13 3 runed translucent doors


Innate Abilities, Weirdness & Mutations

You are resistant to torment.
Your stone body is resilient. (AC +10)
You are immune to poison.
Your large and strong wings let you fly indefinitely.
You resist negative energy. (rN+)
You are resistant to electric shocks. (rElec)
You can survive without breathing.
You are immune to petrification.
You are immune to rotting.


Message History

There is a staircase to the Depths here.
You fly downwards.
Welcome back to the Depths!
A deep troll comes into view.
The deep troll shouts!
You hear an angry buzzing noise.
A spark wasp comes into view.
A deep troll comes into view.
A spark wasp comes into view.
You hear a grinding noise.
The spark wasp buzzes angrily.
There is a staircase back to the Dungeon here.
A fire dragon, a deep troll and a deep troll earth mage come into view.
The deep troll earth mage shouts!
The deep troll shouts!
The fire dragon roars deafeningly!
The deep troll earth mage casts a spell at the rock wall.
You hear a grinding noise.
There is a staircase back to the Dungeon here.
You hit the deep troll but do no damage.
You completely miss the deep troll. You block the deep troll's attack. x2
The deep troll claws you!
You hit the deep troll but do no damage.
You barely miss the spark wasp. You block the deep troll's attack. x2
The deep troll barely misses you.
You hear a grinding noise.
You block the spark wasp's attack. The spark wasp barely misses you.
You fly upwards.
Welcome back to the Dungeon!
There is a staircase to the Depths here.
You whack the spark wasp! You burn the spark wasp.
The spark wasp is moderately wounded.
The spark wasp stings you but does no damage.
You hit the spark wasp but do no damage.
The spark wasp is moderately wounded.
You block the deep troll's attack. x3
You hit the spark wasp. You burn the spark wasp.
The spark wasp is moderately wounded.
The spark wasp stings you! The spark wasp shocks you. You resist.
You closely miss the spark wasp.
The spark wasp is moderately wounded.
The spark wasp stings you. The spark wasp shocks you. You resist.
The deep troll bites you. You block the deep troll's attack. x2
Your shield and plate armour of Bexurph prevent you from hitting the spark wasp.
The spark wasp is moderately wounded.
The spark wasp stings you. The spark wasp shocks you. You resist.
You are too injured to fight recklessly!
You are too injured to fight recklessly!
You are too injured to fight recklessly!
You are too injured to fight recklessly!
You are too injured to fight recklessly!
You are too injured to fight recklessly!
You are too injured to fight recklessly!
You are too injured to fight recklessly!
You are too injured to fight recklessly!
You are too injured to fight recklessly!
You are too injured to fight recklessly!
You are too injured to fight recklessly!
You are too injured to fight recklessly!
You are too injured to fight recklessly!
You are too injured to fight recklessly!
You are too injured to fight recklessly!
You are too injured to fight recklessly!
You are too injured to fight recklessly!
You are too injured to fight recklessly!
You are too injured to fight recklessly!
You are too injured to fight recklessly!
You are too injured to fight recklessly!
You are too injured to fight recklessly!
You are too injured to fight recklessly!
You are too injured to fight recklessly!
You are too injured to fight recklessly!
You are too injured to fight recklessly!
You are too injured to fight recklessly!
You are too injured to fight recklessly!
You are too injured to fight recklessly!
You are too injured to fight recklessly!
The deep troll bites the withered plant.
The deep troll claws the withered plant. x2
The spark wasp stings you but does no damage.
You hit the spark wasp. You burn the spark wasp.
The spark wasp is moderately wounded.
The deep troll bites the withered plant but does no damage.
The deep troll claws the withered plant.
The deep troll claws the withered plant!
The spark wasp stings you but does no damage.
You hit the spark wasp. You burn the spark wasp.
The spark wasp is heavily wounded.
The deep troll bites the withered plant!
The deep troll claws the withered plant! x2
The withered plant is destroyed!
You whack the spark wasp! You burn the spark wasp.
The spark wasp is severely wounded.
The spark wasp stings you! The spark wasp shocks you. You resist.
You whack the spark wasp! You burn the spark wasp.
The spark wasp is almost dead.
You block the spark wasp's attack.
You hit the spark wasp. You burn the spark wasp.
The spark wasp is almost dead.
The spark wasp stings you but does no damage.
The spark wasp bursts into living lightning!
The living lightning hits the withered plant.
The living lightning hits you! You resist.
* * * LOW HITPOINT WARNING * * *
The spark wasp blinks!
Are you sure you want to abandon this character and quit the game? (Confirm with "yes".)

#..# #.#......#...######..###≈
..## #.########...........#.##
### #....................#...
#########........P...........#...
.............................#..≈
...............P..P..........#...
............y....P.8...P.....##≈≈
####'#...........T...............
.....#..........@P.............≈≈
.....#..........8..>...........≈.
.....#.........P..8..............
.....#...........................
.....#.......8.................≈.
######.............8.88.8........
...............................≈.
.....................P...........
≈≈≈≈≈....#.......)...............


You could see a spark wasp and a deep troll.

Vanquished Creatures
  Rupert (D:14)
  Agnes (D:15)
  A tengu reaver (Depths:1)
  The ghost of Revguard the Cleaver, a journeyman DDFi of Makhleb (D:14)
  An orc warlord (D:15)
  An ironheart preserver (D:13)
  A spark wasp (Depths:1)
  A great orb of eyes (Depths:1)
  3 hydras (D:14)
  A death knight (D:14)
  6 centaur warriors
  An ogre mage (D:14)
  4 two-headed ogres
  2 tengu warriors
  2 skeletal warriors (D:15)
  An unseen horror (shapeshifter) (D:15)
  A golden dragon zombie (D:15)
  An unseen horror (D:15)
  A glowing orange brain (shapeshifter) (D:14)
  A phantasmal warrior (D:15)
  A necromancer (D:15)
  Pikel (D:8)
  4 orc knights
  2 deep elf magi
  A shadow dragon skeleton (D:15)
  An orc sorcerer (D:15)
  8 ugly things
  5 manticores
  3 cyclopes
  Joseph (D:8)
  A frost giant skeleton (D:15)
  A centaur zombie (D:14)
  A water nymph (shapeshifter) (D:15)
  2 gargoyles
  A yaktaur zombie (D:15)
  5 kobold demonologists (D:14)
  Maggie (D:6)
  5 tengu conjurers
  3 komodo dragons
  3 meliai (D:15)
  6 trolls
  Grinder (D:3)
  7 hippogriffs
  A vampire (D:13)
  A shadow (D:13)
  5 wyverns
  2 centaur simulacra
  3 wraiths
  9 yaks
  Eustachio (D:4)
  Grum (D:10)
  A steam dragon (D:15)
  10 vampire mosquitoes
  2 hungry ghosts
  A redback simulacrum (D:15)
  2 wargs (D:15)
  An acid dragon (D:14)
  Menkaure (D:5)
  A water moccasin (D:8)
  2 porcupines (D:10)
  2 sky beasts
  9 orc warriors
  A slave (D:8)
  A necrophage (D:8)
  2 ice beasts
  4 black bears
  A hornet zombie (D:15)
  9 ogres
  10 centaurs
  4 wolves (D:10)
  17 bullfrogs
  4 big kobolds
  2 wyvern zombies
  A water moccasin skeleton (D:10)
  2 scorpions
  8 electric eels (D:10)
  8 wights
  6 howler monkeys
  8 crimson imps
  A quasit (D:13)
  4 bullfrog zombies
  5 jellies
  4 hounds
  8 orc wizards
  4 bullfrog skeletons
  6 centaur skeletons
  12 orc priests
  Crazy Yiuf (D:3)
  3 iguanas
  15 worker ants
  Natasha (D:3)
  A killer bee zombie (D:6)
  2 hound skeletons
  3 worker ant zombies
  2 howler monkey skeletons
  4 gnolls (D:2)
  10 adders
  5 shadow imps
  An ooze (shapeshifter) (D:14)
  8 oozes
  2 adder zombies (D:8)
  An adder skeleton (D:8)
  2 worms
  3 dart slugs
  5 leopard geckos
  47 orcs
  2 bats (D:1)
  4 giant cockroaches
  9 goblins
  13 hobgoblins
  20 jackals
  17 kobolds
  6 quokkas
  4 ball pythons
  5 frilled lizards
  A jackal skeleton (D:5)
  5 rats
485 creatures vanquished.

Vanquished Creatures (collateral kills)
  A two-headed ogre (D:15)
1 creature vanquished.

Vanquished Creatures (others)
  An orc (D:12)
  4 plants
  2 withered plants (D:15)
7 creatures vanquished.

Grand Total: 493 creatures vanquished

Notes
Turn   | Place    | Note
-------+----------+-------------------------------------------
     0 | D:1      | EnegeticOcto the Gargoyle Fighter began the quest for the
                  | Orb.
     0 | D:1      | Reached XP level 1. HP: 14/14 MP: 1/1
    39 | D:1      | Reached XP level 2. HP: 10/19 MP: 2/2
   507 | D:1      | Reached XP level 3. HP: 23/23 MP: 3/3
  1060 | D:2      | Reached skill level 3 in Maces & Flails
  1198 | D:2      | Found a hazy altar of Hepliaklqana.
  1262 | D:2      | Reached XP level 4. HP: 28/29 MP: 4/4
  1705 | D:2      | Reached skill level 4 in Shields
  1739 | D:2      | Reached skill level 4 in Fighting
  1739 | D:2      | Reached skill level 4 in Armour
  1739 | D:2      | Reached XP level 5. HP: 33/33 MP: 5/5
  1876 | D:3      | You fall into a shaft and drop 1 floor!
  1919 | D:4      | Reached skill level 4 in Maces & Flails
  2115 | D:4      | Reached XP level 6. HP: 24/39 MP: 6/6
  2268 | D:4      | You fall into a shaft and drop 1 floor!
  2268 | D:5      | Entered Level 5 of the Dungeon
  3132 | D:3      | Noticed Grinder
  3146 | D:3      | Paralysed by Grinder for 2 turns
  3149 | D:3      | Killed Grinder
  3149 | D:3      | Reached skill level 5 in Maces & Flails
  3149 | D:3      | Reached XP level 7. HP: 44/44 MP: 7/7
  3321 | D:3      | Noticed Natasha
  3332 | D:3      | Killed Natasha
  3332 | D:3      | Reached skill level 5 in Shields
  3346 | D:3      | Found a runed translucent door.
  3347 | D:3      | Noticed Crazy Yiuf
  3634 | D:4      | Reached skill level 5 in Fighting
  3654 | D:4      | Reached skill level 5 in Armour
  3821 | D:4      | Found a shimmering blue altar of Sif Muna.
  3821 | D:4      | Found a sparkling altar of Nemelex Xobeh.
  4019 | D:4      | Noticed Eustachio
  4043 | D:4      | Killed Eustachio
  4043 | D:4      | Reached XP level 8. HP: 38/50 MP: 8/8
  4201 | D:4      | Found a sacrificial altar of Ru.
  4454 | D:5      | Noticed Menkaure
  4457 | D:5      | Killed Menkaure
  4457 | D:5      | Reached skill level 6 in Maces & Flails
  4585 | D:5      | Found a hide-covered altar of Uskayaw.
  4810 | D:5      | Found a radiant altar of Vehumet.
  5007 | D:6      | Reached skill level 6 in Fighting
  5007 | D:6      | Reached skill level 6 in Shields
  5012 | D:6      | Reached skill level 6 in Armour
  5079 | D:6      | Reached skill level 7 in Maces & Flails
  5117 | D:6      | Reached XP level 9. HP: 53/56 MP: 9/9
  5279 | D:6      | Noticed Maggie
  5319 | D:6      | Killed Maggie
  5624 | D:6      | Found Yseop's Distillery.
  5632 | D:6      | Bought a potion of haste for 120 gold pieces
  5720 | D:6      | Found a staircase to the Ecumenical Temple.
  5825 | Temple   | Entered the Ecumenical Temple
  5889 | Temple   | Became a worshipper of the Shining One
  6360 | D:7      | Noticed a purple ugly thing
  6383 | D:7      | Killed a purple ugly thing
  6383 | D:7      | Reached skill level 7 in Fighting
  6383 | D:7      | Reached skill level 8 in Maces & Flails
  6383 | D:7      | Reached skill level 7 in Shields
  6383 | D:7      | Reached skill level 2 in Invocations
  6651 | D:7      | Reached skill level 7 in Armour
  6960 | D:7      | Learned a level 1 spell: Apportation
  7056 | D:7      | Found an iron altar of Okawaru.
  7056 | D:7      | Found an ornate altar of the Wu Jian Council.
  7058 | D:7      | Found a bloodstained altar of Trog.
  7283 | D:8      | Noticed Joseph
  7315 | D:8      | Killed Joseph
  7315 | D:8      | Reached skill level 3 in Invocations
  7400 | D:8      | Reached XP level 10. HP: 60/63 MP: 12/12
  7504 | D:8      | Reached skill level 4 in Invocations
  7613 | D:8      | Reached * piety under the Shining One
  7663 | D:8      | Noticed a two-headed ogre
  7681 | D:8      | Killed a two-headed ogre
  7681 | D:8      | Reached skill level 9 in Maces & Flails
  7923 | D:8      | Reached skill level 5 in Invocations
  7965 | D:8      | Noticed Pikel
  7987 | D:8      | Killed Pikel
  7995 | D:8      | Noticed a manticore
  8008 | D:8      | Killed a manticore
  8517 | D:8      | Found a burning altar of Makhleb.
  8801 | D:9      | Reached skill level 8 in Fighting
  8829 | D:9      | Reached skill level 8 in Shields
  9022 | D:9      | Found a viscous altar of Jiyva.
  9072 | D:9      | Reached ** piety under the Shining One
  9078 | D:9      | Reached skill level 6 in Invocations
  9139 | D:9      | Reached skill level 8 in Armour
  9281 | D:9      | Found Xitin's Jewellery Emporium.
  9349 | D:9      | Reached XP level 11. HP: 65/68 MP: 15/15
  9500 | D:9      | Found a blossoming altar of Fedhas.
  9658 | D:10     | Entered Level 10 of the Dungeon
  9675 | D:10     | Reached skill level 10 in Maces & Flails
  9847 | D:10     | Reached skill level 7 in Invocations
  9893 | D:10     | Found Pofistem's Armour Shoppe.
  9908 | D:10     | Found a staircase to the Orcish Mines.
 10039 | D:10     | Found a staircase to the Lair.
 10106 | D:10     | Got a heavily runed plate armour
 10117 | D:10     | Identified the +1 plate armour of Bexurph {rPois MR+ Int+4}
                  | (You found it on level 10 of the Dungeon)
 10133 | D:10     | Noticed Grum
 10155 | D:10     | Killed Grum
 10983 | D:11     | Found a bloodstained altar of Trog.
 11110 | D:11     | Noticed a two-headed ogre
 11124 | D:11     | Killed a two-headed ogre
 11362 | D:11     | Reached skill level 8 in Invocations
 11416 | D:11     | Reached *** piety under the Shining One
 11423 | D:11     | Reached skill level 9 in Fighting
 11448 | D:11     | Reached skill level 9 in Shields
 11794 | D:11     | Noticed a deep elf mage
 11814 | D:11     | Killed a deep elf mage
 11817 | D:11     | Reached skill level 9 in Armour
 12203 | D:12     | Noticed a deep elf mage
 12210 | D:12     | Noticed a soul eater
 12251 | D:12     | Noticed a sixfirhy
 12259 | D:12     | Reached skill level 11 in Maces & Flails
 12261 | D:12     | Noticed a cyclops
 12277 | D:12     | Reached XP level 12. HP: 34/76 MP: 18/18
 12369 | D:11     | Reached **** piety under the Shining One
 12379 | D:11     | Reached skill level 9 in Invocations
 13290 | D:13     | Noticed a two-headed ogre
 13358 | D:13     | Killed a two-headed ogre
 13779 | D:13     | Found a gate to the Vaults.
 13779 | D:13     | Noticed an ironheart preserver
 13824 | D:13     | Killed an ironheart preserver
 13824 | D:13     | Reached skill level 10 in Invocations
 13931 | D:13     | Noticed a centaur warrior
 13942 | D:13     | Killed a centaur warrior
 13948 | D:13     | Reached skill level 10 in Fighting
 13948 | D:13     | Reached skill level 10 in Shields
 14022 | D:13     | Reached skill level 12 in Maces & Flails
 14236 | D:13     | Reached skill level 10 in Armour
 14441 | D:13     | Found a runed translucent gate.
 14441 | D:13     | Found a runed translucent gate.
 14441 | D:13     | Found a runed translucent gate.
 14443 | D:13     | Noticed a green very ugly thing
 14506 | D:14     | Noticed a two-headed ogre
 14533 | D:14     | Reached XP level 13. HP: 78/82 MP: 17/20
 14649 | D:14     | Noticed Rupert
 14767 | D:14     | Killed Rupert
 14767 | D:14     | Reached skill level 11 in Invocations
 15640 | D:14     | Reached skill level 11 in Fighting
 15640 | D:14     | Reached skill level 12 in Invocations
 15648 | D:14     | Reached skill level 11 in Shields
 16264 | D:14     | Reached skill level 11 in Armour
 16816 | D:14     | Gained mutation: Your large and strong wings let you fly
                  | indefinitely. [Gargoyle growth]
 16816 | D:14     | Reached XP level 14. HP: 83/90 MP: 23/23
 17113 | D:15     | Entered Level 15 of the Dungeon
 17224 | D:15     | Found Hudghischi's Armour Shop.
 17658 | D:15     | Noticed Agnes
 17674 | D:15     | Killed Agnes
 17674 | D:15     | Reached skill level 13 in Invocations
 17797 | D:15     | Reached ***** piety under the Shining One
 18065 | D:15     | Found a staircase to the Depths.
 18397 | D:15     | Found a runed translucent gate.
 18397 | D:15     | Identified the +3 battleaxe "Dorgh" {antimagic, rN+ Str+3
                  | Int+3 Dex-3}
 18397 | D:15     | Noticed an orc warlord
 18398 | D:15     | Found a runed translucent gate.
 18399 | D:15     | Found a runed translucent gate.
 18400 | D:15     | Noticed Revguard's ghost (journeyman DDFi)
 18423 | D:15     | Paralysed by an orc sorcerer for 3 turns
 18537 | D:15     | Found a roughly hewn altar of Beogh.
 18601 | D:15     | Reached skill level 12 in Shields
 18904 | D:14     | Reached skill level 12 in Fighting
 19157 | D:14     | Killed Revguard's ghost
 19157 | D:14     | Reached skill level 12 in Armour
 19258 | D:15     | Killed an orc warlord
 19926 | D:3      | Killed Crazy Yiuf
 19926 | D:3      | Reached skill level 14 in Invocations
 20193 | Depths:1 | Entered Level 1 of the Depths
 20194 | Depths:1 | Noticed a tengu reaver
 20208 | Depths:1 | Killed a tengu reaver
 20321 | D:15     | Quit the game

Illustrated notes

Levels and vault maps discovered:
D:1:      scummos_arrival_hexagon, layout_basic
D:2:      layout_basic, old_standard_altar
D:3:      layout_basic, uniq_crazy_yiuf_cottage, uniq_natasha, uniq_grinder
D:4:      layout_loops_ring, nicolae_ru_the_path_less_chosen,
          gammafunk_temple_overflow_statue, saegor_snake_ambush, uniq_eustachio
D:5:      layout_basic, lemuel_crystal_altar, vehumet_crystals, first_ration,
          uniq_menkaure
D:6:      layout_basic, temple_hall, serial_shops, shop, uniq_maggie
D:7:      layout_cave_pools, nicolae_overflow_hidden_temple
D:8:      layout_basic, makhleb_blood_cavern_becter, uniq_joseph, uniq_pikel
D:9:      layout_gridville, lemuel_round_altar, serial_shops, shop,
          hangedman_little_slice_of_home
D:10:     layout_roguey, grunt_lair_entry_orc_guard_hut, orc_0_dummy,
          serial_shops, nicolae_shop_trees, serial_bayou_lake_a, uniq_grum
D:11:     layout_stronghold, basic_altar
D:12:     layout_rooms
D:13:     layout_big_octagon, skrybe_vaults_entry_preservation,
          ploomutoo_gammafunk_ghost_potion_laboratory
D:14:     cheibrodos_ideogram_h, layout_basic, hangedman_decor_peaks_small,
          uniq_rupert
D:15:     gammafunk_depths_entry_grave, layout_irregular_city, serial_rivers,
          chequers_serial_rivers_room_b, chequers_serial_rivers_micro_a,
          chequers_serial_rivers_small_a, chequers_serial_rivers_micro_b,
          chequers_serial_rivers_small_3, chequers_serial_rivers_micro_d,
          biasface_ghost_orc_armoury, serial_shops, nicolae_shop_crystal,
          uniq_agnes
Temple:   dpeg_three_leaves_temple
Depths:1: layout_cave_shapes, rand_demon_pan_entry_7, hell_entry,
          kennysheep_doodads, drop_trap, kennysheep_generic_room_13, uniq_aizul,
          uniq_bai_suzhen

Skill      XL: |  1  2  3  4  5  6  7  8  9 10 11 12 13 14 |
---------------+-------------------------------------------+-----
Maces & Flails | 3 4 5 7 8 9 11 12 | 12.0
Shields        | 4 5 6 7 8 9 10 11 12 | 12.3
Fighting       | 4 5 6 7 8 9 10 11 12 | 12.2
Armour         | 4 5 6 7 8 9 10 11 12 | 12.2
Invocations    | 3 6 8 10 12 14 | 14.2

Action                   |  1- 3 |  4- 6 |  7- 9 | 10-12 | 13-15 || total
-------------------------+-------+-------+-------+-------+-------++-------
Melee: Flail             |   171 |    50 |       |       |    17 ||   238
       Whip              |       |   164 |   442 |  1060 |  1106 ||  2772
Throw: Throwing net      |       |       |       |       |     1 ||     1
Invok: Divine Shield     |       |       |       |     7 |     6 ||    13
       Cleansing Flame   |       |       |       |     1 |    15 ||    16
 Abil: Fly               |       |       |       |       |     1 ||     1
Evoke: Wand              |       |       |       |    14 |    13 ||    27
       Box of beasts     |       |       |       |       |     1 ||     1
  Use: Potion            |       |     1 |       |     4 |     1 ||     6
       Scroll            |       |       |    15 |     7 |     1 ||    23
  Eat: Chunk             |     2 |     6 |    10 |    20 |    18 ||    56
       Ration            |       |       |     1 |     3 |     1 ||     5
Armor: Scale mail        |    58 |       |       |       |       ||    58
       Chain mail        |    63 |   107 |   132 |   105 |       ||   407
       Skin              |       |     6 |       |       |       ||     6
       Plate armour      |       |       |       |   459 |   392 ||   851
Dodge: Dodged            |    56 |    29 |    54 |   115 |    77 ||   331
Block: Kite shield       |    88 |    77 |   144 |       |       ||   309
       Tower shield      |       |       |    46 |   918 |   780 ||  1744
